 Dungeon Crawl Stone Soup version 0.28-a0-533-g9f97627e2a (webtiles) character file.

Game seed: 5715272771958436678

10 Crimsonway the Grave Robber (level 2, -3/13 HPs)
             Began as a Vine Stalker Necromancer on Sept 26, 2021.
             Slain by a hobgoblin (4 damage)
             ... on level 1 of the Dungeon.
             The game lasted 00:01:02 (68 turns).

Crimsonway the Grave Robber (VSNe)                    Turns: 68, Time: 00:01:02

Health: -3/13      AC:  2    Str: 10    XL:     2   Next: 20%
Magic:  0/6        EV:  9    Int: 15    God:
Gold:   0          SH:  0    Dex: 14    Spells: 4/5 levels left

rFire   . . .      SeeInvis .   c - +0 dagger
rCold   . . .      Faith    .   (no shield)
rNeg    . . .      Spirit   +   a - +0 robe
rPois   .          Reflect  .   (no helmet)
rElec   .          Harm     .   (no cloak)
rCorr   .          Rampage  .   (no gloves)
Will    .....                   (no boots)
Stlth   ++........              (no amulet)
HPRegen 0.04/turn               (no ring)
MPRegen 0.10/turn               (no ring)

@: constricted
A: fangs 2, magic shield, antimagic bite, no potion heal 2
a: no special abilities


You were on level 1 of the Dungeon.
You visited 1 branch of the dungeon, and saw 1 of its levels.

Inventory:

Hand Weapons
 c - a +0 dagger (weapon)
Armour
 a - a +0 robe (worn)


   Skills:
 + Level 1.5 Dodging
 + Level 2.5 Stealth
 + Level 2.3 Spellcasting
 + Level 4.4 Necromancy


You had 4 spell levels left.
You knew the following spells:

 Your Spells              Type           Power      Damage    Failure   Level
a - Pain                  Necr           56%        1d6       3%          1

Your spell library contained the following spells:

 Spells                   Type           Power      Damage    Failure   Level
 Animate Skeleton         Necr           28%        N/A       3%          1
 Vampiric Draining        Necr           7%         2d7       11%         3
 Animate Dead             Necr           7%         N/A       34%         4
 Agony                    Necr           14%        N/A       69%         5


Dungeon Overview and Level Annotations

Branches:
Dungeon (1/15)

Altars:


Innate Abilities, Weirdness & Mutations

You have extremely sharp teeth.
When hurt, damage is shared between your health and your magic reserves.
Your bite disrupts and absorbs the magic of your enemies.
Potions cannot restore your health.


Message History

Found a short sword.
A giant cockroach comes into view.
There is an open door here.
A hobgoblin comes into view.
Aiming: Pain (safe; 3% risk of failure)
Press: ? - help, Q - select action Shift-Dir - straight line, f - giant cockroach
Aim: a giant cockroach (wandering, hasn't noticed you, chance to affect: 85%)
The giant cockroach writhes in agony.
Your magical contamination has completely faded away.
You hit the giant cockroach but do no damage.
You bite the giant cockroach.
You kill the giant cockroach!
The hobgoblin shouts!
You have reached level 2!
A ball python comes into view.
You see here a scroll of identify.
Aiming: Pain (safe; 3% risk of failure)
Press: ? - help, Q - select action Shift-Dir - straight line, f - dart slug
Aim: a dart slug (chance to affect: 85%)
The dart slug writhes in agony.
You barely miss the dart slug.
The dart slug is severely wounded.
You hit the dart slug.
The dart slug is severely wounded.
The dart slug closely misses you.
You hit the dart slug.
The dart slug is almost dead.
The hobgoblin closely misses you. The dart slug closely misses you.
You hit the dart slug.
You kill the dart slug!
The ball python bites you but does no damage.
The ball python grabs you. The ball python constricts you.
The hobgoblin closely misses you. The ball python bites you.
* * * LOW HITPOINT WARNING * * *
The ball python constricts you.
* * * LOW HITPOINT WARNING * * *
You don't have enough magic to cast this spell.
You hit the hobgoblin but do no damage. Your bite misses the hobgoblin.
The hobgoblin hits you.
You die...

#..........#
#..........#
#..........####
....).........#
............#
..........#
#Sg......#
+.@......+
#........#
#........#
###'###### #.#
# ##.########
#.#..........
#.#..........
#............


You could see a hobgoblin and a ball python.

Vanquished Creatures
  A dart slug (D:1)
  A bat (D:1)
  2 giant cockroaches (D:1)
  2 goblins (D:1)
  A hobgoblin (D:1)
7 creatures vanquished.

Notes
Turn   | Place    | Note
-------+----------+-------------------------------------------
     0 | D:1      | Crimsonway the Vine Stalker Necromancer began the quest for
                  | the Orb.
     0 | D:1      | Reached XP level 1. HP: 9/9 MP: 4/4
    62 | D:1      | Reached XP level 2. HP: 4/13 MP: 1/6
    68 | D:1      | Slain by a hobgoblin

Illustrated notes

Levels and vault maps discovered:
D:1:      minmay_arrival_plants_in_alcoves, layout_basic, minivault_14

Action                   || total
-------------------------++-------
Melee: Dagger            ||     7
       Bite              ||     2
 Cast: Pain              ||     8
  Use: Scroll            ||     1
Armor: Robe              ||     2
Dodge: Dodged            ||     6

Table legend: (Time is in decaauts)
 A = Elapsed time spent in this place.
 B = Non-inter-level travel time spent in this place.
 C = Inter-level travel time spent in this place.
 D = Time resting spent in this place.
 E = Time spent auto-exploring this place.
 F = Levels seen in this place.
 G = Mean time per level.
                   A        B        C        D        E       F      G
               +--------+--------+--------+--------+--------+-----+--------+
         Total |     67 |     67 |      0 |      0 |      0 |   1 |   67.0 |
       Dungeon |     67 |     67 |      0 |      0 |      0 |   1 |   67.0 |
               +--------+--------+--------+--------+--------+-----+--------+

Top non-repeatable levels by time:
     D:1: 67 daAuts
